 Dungeon Crawl Stone Soup version bcrawl-1.21.2-28-g2cb1824106 (webtiles) character file.

Game seed: 1822584657108946091

76136 MisterOstroum the Fighter (level 15, -9/142 HPs)
             Began as a Demonspawn Transmuter on Mar 19, 2020.
             Was the Champion of Cheibriados.
             Mangled by a phantasmal warrior (29 damage)
             ... led by a death knight
             ... on level 12 of the Dungeon on Mar 20, 2020.
             The game lasted 00:59:20 (23497 turns).

MisterOstroum the Fighter (Demonspawn Transmuter)  Turns: 23497, Time: 00:59:20

Health: -9/142     AC: 10    Str: 33    XL:     15   Next: 11%
Magic:  0/29       EV: 14    Int: 30    God:    Cheibriados [******]
Gold:   393        SH:  0    Dex: 38    Spells: 8/34 levels left

rFire    x . .     SeeInvis .     - Unarmed
rCold    + + +     Gourm    +   (shield currently unavailable)
rNeg     . . .     Faith    .   (armour currently unavailable)
rPois    +         Spirit   +   (helmet currently unavailable)
rElec    +         Reflect  .   (cloak currently unavailable)
rCorr    .         Harm     .   (gloves currently unavailable)
MR       +....                  (boots currently unavailable)
Stlth    +++++.....             v - amulet of Ugaunalu {Gourm rElec Str+2 Dex+5}
HPRegen  0.33/turn              B - ring of stealth
MPRegen  0.42/turn              q - +4 ring of dexterity

@: ice-form, vulnerable, very slightly contaminated, slowed, studying
Spellcasting, drained, very slow
A: large, powered by death 2, magic shield, magic regeneration, magic link
a: End Transformation, Bend Time, Temporal Distortion, Slouch, Step From Time,
Renounce Religion


You were on level 12 of the Dungeon.
You worshipped Cheibriados.
Cheibriados was exalted by your worship.
You were completely stuffed.
You were a creature of crystalline ice.
You visited 4 branches of the dungeon, and saw 19 of its levels.
You also visited: Bailey.

You collected 2389 gold pieces.
You spent 1996 gold pieces at shops.

Inventory:

Hand Weapons
 b - a +0 blowgun
 c - a +5 hunting sling of freezing
Missiles
 a - 3783 arrows
 j - 14 curare-tipped needles
 n - 1113 sling bullets
 E - a throwing net (quivered) {!f!f}
Armour
 r - a +2 buckler of positive energy (melded)
 t - +0 steam dragon scales (melded)
 u - a +1 medium shield of fire resistance
 D - a cursed +0 pair of gloves (melded)
 L - a +2 hat of see invisible (melded)
 X - the +1 cloak of Starlight (melded) {rElec rC+ EV+4 Stlth--}
   (You bought it in a shop in the Orcish Mines)

   It affects your evasion (+4).
   It protects you from cold.
   It insulates you from electricity.
   It makes you much less stealthy.
Magical Staves
 J - an uncursed staff of earth
 K - an uncursed staff of death (melded)
Jewellery
 q - a +4 ring of dexterity (right front paw)
 v - the amulet of Ugaunalu (around neck) {Gourm rElec Str+2 Dex+5}
   (You acquired it on level 3 of the Lair of Beasts)

   [amulet of the gourmand]

   It allows you to eat raw meat even when not hungry.
   It affects your strength (+2).
   It affects your dexterity (+5).
   It insulates you from electricity.
 B - a ring of stealth (left front paw)
 U - an uncursed amulet of the acrobat
Wands
 g - a wand of polymorph (7)
 H - a wand of digging (7)
 I - a wand of scattershot (5)
 N - a wand of enslavement (12)
 W - a wand of acid (9)
 Y - a wand of random effects (1)
Scrolls
 f - 6 scrolls of teleportation {@r3 !r}
 h - 6 scrolls of amnesia
 m - 8 scrolls of remove curse {@r2}
 s - 2 scrolls of identify {@r1}
 y - 5 scrolls of fog {!r}
 C - 3 scrolls of magic mapping {@r5 !r}
 G - a scroll of fear {!r}
 O - a scroll of silence
 S - 3 scrolls of enchant weapon
 V - a scroll of vulnerability
 Z - a scroll of acquirement
Potions
 i - a potion of brilliance
 k - a potion of ambrosia
 l - 5 potions of agility {@q5 !q}
 o - a potion of flight
 p - 4 potions of lignification {@q6}
 w - 3 potions of resistance
 z - 5 potions of mutation
 F - a potion of curing {@q1 !q}
 M - 2 potions of heal wounds {@q2 !q}
 P - 2 potions of cancellation
 Q - a potion of magic
 R - a potion of invisibility
 T - 2 potions of might {@q3 !q}
Books
 d - a manual of Spellcasting
Miscellaneous
 x - a lightning rod (4/4)
Comestibles
 e - 33 rations {!d}
 A - 2 chunks of flesh


   Skills:
 * Level 11.5(10.3) Fighting
 + Level 5.2(4.2) Dodging
 * Level 11.1(9.9) Unarmed Combat
 + Level 10.2(9.0) Spellcasting
 - Level 4.0(3.0) Charms
 - Level 5.0(3.9) Necromancy
 - Level 3.0(2.0) Translocations
 + Level 10.0(8.9) Transmutations
 + Level 0.7(0.0) Fire Magic
 - Level 3.8(2.8) Ice Magic
 + Level 10.1(8.9) Poison Magic
 - Level 10.0(8.8) Invocations
 + Level 7.1(6.0) Evocations


You had 8 spell levels left.
You knew the following spells:

 Your Spells              Type           Power        Failure   Level  Hunger
a - Ice Form              Ice/Tmut       #####...     3%          4    None
b - Sticks to Snakes      Tmut           ######..     1%          2    None
B - Blink                 Tloc           N/A          2%          2    None
C - Ignite Poison         Fire/Tmut/Pois #####...     1%          3    None
H - Regeneration          Chrm/Necr      ####......   2%          3    None
X - Spider Form           Tmut/Pois      ###          1%          3    None
Y - Olgreb's Toxic Radia  Pois           ######..     1%          4    None
Z - Blade Hands           Tmut           ######....   2%          5    ####...

Your spell library contained the following spells:

 Spells                   Type           Power        Failure   Level  Hunger
 Animate Skeleton         Necr           N/A          1%          1    None
 Beastly Appendage        Tmut           ######       1%          1    None
 Pain                     Necr           #####.       1%          1    None
 Sting                    Conj/Pois      ####         1%          1    None
 Poisonous Vapours        Pois/Air       #####.       1%          2    None
 Vampiric Draining        Necr           #####.....   2%          3    None
 Magic Dart               Conj           ##..         3%          1    None
 Summon Small Mammal      Summ           ##..         3%          1    None
 Mephitic Cloud           Conj/Pois/Air  ####....     3%          3    None
 Call Imp                 Summ           ##....       6%          2    None
 Searing Ray              Conj           ##......     6%          2    None
 Summon Scorpions         Summ/Pois      #####...     6%          4    None
 Animate Dead             Necr           N/A          8%          4    None
 Call Canine Familiar     Summ           ##......     12%         3    None
 Conjure Flame            Conj/Fire      ##......     12%         3    None
 Iskenderun's Mystic Bla  Conj           ##......     12%         3    None
 Irradiate                Conj/Tmut      #####.....   17%         5    ####...
 Venom Bolt               Conj/Pois      #####.....   17%         5    ####...
 Summon Ice Beast         Ice/Summ       ###.....     22%         4    None
 Fulminant Prism          Conj/Hex       ##........   36%         4    None
 Bolt of Draining         Conj/Necr      ####......   43%         5    ####...
 Summon Lightning Spire   Summ/Air       ##......     71%         5    ####...


Dungeon Overview and Level Annotations

Branches:
Dungeon (12/12)            Temple (1/1) D:4            Lair (5/6) D:9
 Shoals (0/3) Lair:2        Snake (0/3) Lair:2        Slime (0/5) Lair:5
    Orc (1/1) D:11            Elf (0/3) Orc          Vaults (0/3) D:11
 Depths: D:12

Altars:
Ashenzari
Cheibriados
Dithmenos
Elyvilon
Fedhas
Gozag
Hepliaklqana
Kikubaaqudgha
Lugonu
Makhleb
Nemelex Xobeh
Okawaru
Qazlal
Ru
Sif Muna
Trog
Uskayaw
Wu Jian
Yredelemnul
Zin
The Shining One
Jiyva

Shops:
D:11 [!=(!   D:12 :[:   Orc ([(??

Annotations:
Lair:1 exclusion: oklob plant


Innate Abilities, Weirdness & Mutations

((You have a pair of antennae on your head.))
You regenerate health from kills.
When hurt, damage is shared between your health and your magic reserves.
You regenerate magic rapidly.
When low on magic, you restore magic in place of health.


Message History

No target in view!
No target in view!
No target in view!
No target in view!
No target in view!
Items here: ))) [[[ A worker ant comes into view.
A worker ant is nearby!
A worker ant is nearby!
You see here 31 gold pieces.
Casting: Regeneration (safe; 3% risk of failure)
Confirm with . or Enter, or press ? or * to list all spells.
You begin to radiate toxic energy.
The worker ant twitches its antennae in your direction.
The worker ant is poisoned.
The worker ant looks more poisoned.
Your toxic aura wanes.
You kill the worker ant!
Cheibriados thoroughly appreciates the change of pace.
Some of the chunks of flesh in your inventory have rotted away.
No target in view!
No target in view!
No target in view!
No target in view!
No target in view!
No target in view!
No target in view!
h - 6 scrolls of amnesia (gained 1)
You now have 393 gold pieces (gained 31).
Some of the chunks of flesh in your inventory have rotted away.
You butcher the worker ant corpse.
A - 3 chunks of flesh (gained 2)
Things that are here:
a cursed +4 dagger; a +0 robe You open the door.
There is an open door here.
Some of the chunks of flesh in your inventory have rotted away.
You open the door. You open the door.
A death knight and a wraith come into view.
The death knight is wielding a +1 broad axe of chopping.
There are monsters nearby!
There are monsters nearby!
A wraith comes into view.
The wraith hits you. The wraith hits you but does no damage.
There is an open door here.
You hit the death knight. You freeze the death knight.
The death knight is lightly wounded.
The death knight offers itself to Yredelemnul, and fills with unholy energy.
The wraith hits you but does no damage.
Unknown command.
The death knight invokes the aid of Yredelemnul against you.
You resist with almost no effort. The wraith barely misses you.
You hit the death knight. You freeze the death knight.
The death knight is lightly wounded.
The death knight reflects your damage back at you!
The death knight's dark mirror aura disappears.
The death knight hits you with a +1 broad axe of chopping!!
You punch the death knight! You freeze the death knight.
The death knight is moderately wounded.
The death knight hits you with a +1 broad axe of chopping!!
You hit the death knight. You freeze the death knight.
The death knight is moderately wounded.
A phantasmal warrior comes into view.
The death knight hits you with a +1 broad axe of chopping!
You are too injured to fight recklessly!
You are too injured to fight recklessly!
You are too injured to fight recklessly!
You pummel the death knight!! You freeze the death knight!
The death knight is severely wounded.
You pummel the death knight!! You freeze the death knight!
You kill the death knight!
Cheibriados appreciates the change of pace.
The phantasmal warrior hits you but does no damage.
The wraith hits you. The wraith drains your vigour!
You feel yourself slow down.
Things that are here:
a +1 broad axe of chopping; a +0 chain mail You punch the phantasmal warrior!
You freeze the phantasmal warrior.
The phantasmal warrior is moderately damaged.
The phantasmal warrior hits you!! The wraith closely misses you.
The phantasmal warrior hits you!
Your magical defenses are stripped away!
The phantasmal warrior hits you!
* * * LOW HITPOINT WARNING * * *
Casting: Olgreb's Toxic Radiance (safe; 1% risk of failure)
Confirm with . or Enter, or press ? or * to list all spells.
You miscast Regeneration.
You are very lightly contaminated with residual magic.
You sense a malignant aura.
The phantasmal warrior misses you.
You completely miss the phantasmal warrior.
The phantasmal warrior is moderately damaged.
The phantasmal warrior hits you.
* * * LOW HITPOINT WARNING * * *
The phantasmal warrior hits you!!
* * * LOW HITPOINT WARNING * * *
Okay, then.
You can feel time thicken for a moment.
You feel somewhat less full. The phantasmal warrior hits you!!
You die...

####...# .W #...# .# #.#.# .#
#.#.# ###.###..# #...#
#.'p...... #...# #.########
#.#.# #WW'...# ##...#####
#W######## #........#
#Y####...# #.##..##.#
#....#.#.#
###........######'###...##+###.
...............................
#.........#..#.)##.....#..#...#
................))........... .
##############################


You could see a phantasmal warrior and 2 wraiths.

Vanquished Creatures
  Gastronok (Lair:3)
  Kirke (D:10)
  Snorg (D:10)
  4 hydras
  Harold (D:9)
  4 vault guards (D:11)
  15 two-headed ogres
  2 centaur warriors
  A death knight (D:12)
  2 catoblepae
  Erica (D:8)
  5 ogre magi
  12 death yaks
  Sonja (Lair:5)
  An unseen horror (D:12)
  A swamp dragon (D:10)
  A cyclops (D:12)
  A deep elf mage (D:11)
  An ugly thing (D:11)
  2 orc sorcerers (Orc)
  2 orc knights
  3 manticores
  A black mamba (Lair:3)
  2 gargoyles
  A torpor snail (Lair:3)
  7 cane toads
  4 komodo dragons
  2 kobold demonologists
  2 rime drakes
  8 trolls
  2 polar bears
  25 blink frogs
  2 harpy skeletons (D:11)
  7 hippogriffs
  3 wyverns
  44 yaks
  Eustachio (D:5)
  4 basilisks
  4 hogs (D:11)
  2 wraiths
  A steam dragon (D:6)
  2 hungry ghosts
  A warg (D:11)
  3 nagas (Lair:2)
  3 crocodiles
  6 water moccasins
  A soldier ant (D:7)
  19 orc warriors
  2 porcupines
  3 sky beasts
  3 black bears
  An ice beast (D:8)
  A phantom (D:7)
  27 ogres
  2 necrophages
  An eye of draining (D:8)
  16 centaurs
  12 bullfrogs
  2 big kobolds
  Blork the orc (D:5)
  A wyvern skeleton (D:8)
  2 scorpions (D:9)
  3 vampire bats (Lair:2)
  20 wights
  2 howler monkeys
  6 crimson imps
  9 hounds
  A quasit (D:6)
  A bullfrog zombie (D:6)
  3 centaur zombies
  5 orc priests
  5 jellies
  A bullfrog skeleton (D:8)
  2 centaur skeletons
  13 orc wizards
  Jessica (D:3)
  Ijyb (D:5)
  2 iguanas (D:6)
  8 worker ants
  A killer bee zombie (D:8)
  4 hound skeletons
  A hound zombie (D:8)
  A worker ant zombie (D:8)
  9 gnolls
  10 adders
  3 shadow imps
  3 oozes (Lair:5)
  3 worms (D:2)
  A dart slug (D:2)
  4 leopard geckos
  38 orcs
  3 giant cockroaches
  4 goblins
  7 hobgoblins
  6 jackals
  25 kobolds
  2 quokkas
  2 ball pythons
  9 bats
  3 frilled lizards
  A jackal skeleton (D:5)
  4 rats (D:1)
  A fungus (Lair:5)
522 creatures vanquished.

Vanquished Creatures (others)
  7 fungi
  2 plants (Lair:5)
9 creatures vanquished.

Grand Total: 531 creatures vanquished

Notes
Turn   | Place    | Note
-------+----------+-------------------------------------------
     0 | D:1      | MisterOstroum the Demonspawn Transmuter began the quest for
                  | the Orb.
     0 | D:1      | Reached XP level 1. HP: 15/15 MP: 3/3
   387 | D:1      | Lost mutation: You have a pair of horns on your head.
                  | [demonic ancestry]
   387 | D:1      | Lost mutation: You have a pair of small horns on your head.
                  | [demonic ancestry]
   387 | D:1      | Gained mutation: You have a pair of small antennae on your
                  | head. [demonic ancestry]
   387 | D:1      | Reached XP level 2. HP: 12/22 MP: 3/5
   590 | D:1      | Learned a level 2 spell: Sticks to Snakes
  1553 | D:2      | Reached XP level 3. HP: 28/28 MP: 4/6
  1724 | D:1      | Learned a level 3 spell: Spider Form
  2381 | D:3      | Noticed Jessica
  2485 | D:3      | Killed Jessica
  2485 | D:3      | Reached skill level 1 in Poison Magic
  2485 | D:3      | Gained mutation: When hurt, damage is shared between your
                  | health and your magic reserves. [demonic ancestry]
  2485 | D:3      | Reached XP level 4. HP: 7/34 MP: 3/7
  3644 | D:4      | Found a shadowy altar of Dithmenos.
  3805 | D:4      | Noticed a centaur
  3805 | D:4      | Noticed a centaur
  3807 | D:4      | Noticed an ogre
  3810 | D:4      | Killed a centaur
  3810 | D:4      | Gained mutation: You regenerate magic rapidly. [demonic
                  | ancestry]
  3810 | D:4      | Reached XP level 5. HP: 41/41 MP: 5/8
  3813 | D:4      | Killed an ogre
  3813 | D:4      | Gained mutation: You regenerate a little health from kills.
                  | [demonic ancestry]
  3813 | D:4      | Reached XP level 6. HP: 45/47 MP: 6/9
  4066 | D:4      | Noticed an orc warrior
  4098 | D:4      | Killed an orc warrior
  4462 | D:4      | Found a staircase to the Ecumenical Temple.
  4471 | Temple   | Entered the Ecumenical Temple
  4536 | Temple   | Became a worshipper of Cheibriados the Contemplative
  4683 | D:4      | Reached XP level 7. HP: 44/54 MP: 6/10
  4987 | D:4      | Found a corrupted altar of Lugonu.
  5413 | D:5      | Entered Level 5 of the Dungeon
  5535 | D:5      | Noticed Ijyb
  5542 | D:5      | Killed Ijyb
  5686 | D:5      | Learned a level 4 spell: Ice Form
  5731 | D:5      | Found Ugri's Weapon Emporium.
  5766 | D:5      | Noticed Blork the orc
  5778 | D:5      | Killed Blork the orc
  5908 | D:5      | Reached * piety under Cheibriados
  6014 | D:5      | Reached skill level 1 in Ice Magic
  6059 | D:5      | Found an ancient bone altar of Kikubaaqudgha.
  6061 | D:5      | Found a hide-covered altar of Uskayaw.
  6061 | D:5      | Found a glowing golden altar of the Shining One.
  6064 | D:5      | Found a stormy altar of Qazlal.
  6193 | D:5      | Noticed Eustachio
  6216 | D:5      | Killed Eustachio
  6216 | D:5      | Reached skill level 5 in Fighting
  6216 | D:5      | Reached skill level 5 in Transmutations
  6216 | D:5      | Reached XP level 8. HP: 62/62 MP: 11/13
  6599 | D:5      | HP: 3/74 [wight/+5 falchion (8)]
  7584 | D:6      | Reached skill level 5 in Spellcasting
  7603 | D:6      | Found a bloodstained altar of Trog.
  7609 | D:6      | Reached XP level 9. HP: 45/69 MP: 16/16
  8188 | D:6      | Reached skill level 5 in Unarmed Combat
  8289 | D:6      | Learned a level 2 spell: Blink
  8431 | D:6      | Reached ** piety under Cheibriados
 10934 | D:8      | Noticed Erica
 10959 | D:8      | Found an iron altar of Okawaru.
 11113 | D:8      | Noticed a troll
 11122 | D:8      | Killed a troll
 11122 | D:8      | Reached XP level 10. HP: 76/76 MP: 13/20
 11609 | D:8      | Reached *** piety under Cheibriados
 11649 | D:8      | Killed Erica
 11649 | D:8      | Reached skill level 1 in Invocations
 11649 | D:8      | Reached skill level 1 in Evocations
 11664 | D:8      | Learned a level 3 spell: Ignite Poison
 11669 | D:8      | Learned a level 4 spell: Olgreb's Toxic Radiance
 12398 | D:9      | Reached skill level 5 in Dodging
 12441 | D:9      | Noticed Harold
 12470 | D:9      | Killed Harold
 12970 | D:9      | Reached XP level 11. HP: 72/84 MP: 16/22
 13138 | D:9      | Reached **** piety under Cheibriados
 13383 | D:9      | Noticed an ogre mage
 13400 | D:9      | Noticed a four-headed hydra
 13595 | D:9      | Killed an ogre mage
 13628 | D:9      | Killed a four-headed hydra
 13764 | D:9      | Reached skill level 5 in Invocations
 13857 | D:9      | Found a staircase to the Lair.
 14060 | D:9      | Reached ***** piety under Cheibriados
 14543 | Lair:1   | Entered Level 1 of the Lair of Beasts
 14611 | Lair:1   | Learned a level 5 spell: Blade Hands
 15438 | Lair:1   | Noticed an oklob plant
 16072 | Lair:2   | Reached XP level 12. HP: 81/95 MP: 17/23
 16076 | Lair:2   | Reached skill level 5 in Evocations
 16101 | Lair:2   | Learned a level 3 spell: Regeneration
 16331 | Lair:2   | Found a staircase to the Snake Pit.
 16478 | Lair:2   | Found a staircase to the Shoals.
 17303 | Lair:3   | Noticed Gastronok
 17310 | Lair:3   | Killed Gastronok
 17310 | Lair:3   | Reached skill level 10 in Fighting
 17310 | Lair:3   | Reached skill level 5 in Poison Magic
 17332 | Lair:3   | Identified a scroll of acquirement
 17334 | Lair:3   | Identified the +8 lajatang of Lies {drain, Dex+7} (You
                  | acquired it on level 3 of the Lair of Beasts)
 17334 | Lair:3   | Identified the amulet of Ugaunalu {Gourm rElec Str+2 Dex+5}
                  | (You acquired it on level 3 of the Lair of Beasts)
 17334 | Lair:3   | Identified the Reference Book on Vitriolic Combat Magic
                  | (You acquired it on level 3 of the Lair of Beasts)
 17342 | Lair:3   | Noticed a death yak
 17342 | Lair:3   | Noticed a death yak
 17342 | Lair:3   | Noticed a death yak
 17350 | Lair:3   | Killed a death yak
 17361 | Lair:3   | Killed a death yak
 17365 | Lair:3   | Noticed a death yak
 17367 | Lair:3   | Killed a death yak
 17368 | Lair:3   | Noticed a death yak
 17369 | Lair:3   | Noticed a death yak
 17372 | Lair:3   | Killed a death yak
 17374 | Lair:3   | Killed a death yak
 17376 | Lair:3   | Killed a death yak
 17596 | Lair:3   | Gained mutation: You have a pair of antennae on your head.
                  | [demonic ancestry]
 17596 | Lair:3   | Reached XP level 13. HP: 103/103 MP: 24/24
 18321 | Lair:4   | HP: 3/123 [komodo dragon (9)]
 18896 | Lair:4   | Reached skill level 10 in Unarmed Combat
 18898 | Lair:4   | Reached skill level 10 in Transmutations
 19287 | Lair:5   | Reached ****** piety under Cheibriados
 19315 | Lair:5   | Found a viscous altar of Jiyva.
 19316 | Lair:5   | Found a staircase to the Slime Pits.
 19317 | Lair:5   | Found a viscous altar of Jiyva.
 19330 | Lair:5   | Found an ornate altar of the Wu Jian Council.
 20019 | Lair:5   | Noticed Sonja
 20021 | Lair:5   | Killed Sonja
 20366 | D:10     | Entered Level 10 of the Dungeon
 20370 | D:10     | Noticed Snorg
 20425 | D:10     | Found a flagged portal.
 20465 | Bailey   | Entered a bailey
 20626 | Bailey   | Found an iron altar of Okawaru.
 20650 | Bailey   | Got a dazzling chain mail
 20731 | D:10     | Killed Snorg
 21023 | D:10     | Gained mutation: You regenerate health from kills. [demonic
                  | ancestry]
 21023 | D:10     | Reached XP level 14. HP: 95/111 MP: 12/26
 21375 | D:11     | Noticed Kirke
 21378 | D:11     | Reached skill level 1 in Necromancy
 21378 | D:11     | Reached skill level 1 in Charms
 21388 | D:10     | Killed Kirke
 21388 | D:10     | Reached skill level 1 in Translocations
 21559 | D:11     | Found a staircase to the Orcish Mines.
 21580 | D:11     | Found Lufefus's Antique Armour Emporium.
 21655 | D:11     | Found an iron altar of Okawaru.
 21729 | D:11     | Reached skill level 10 in Invocations
 21758 | D:11     | Found Qefomaust's Jewellery Shoppe.
 21800 | D:11     | Found Neumogh's Distillery.
 21809 | D:11     | Bought a potion of lignification for 45 gold pieces
 21876 | D:11     | Found a gate to the Vaults.
 21979 | D:11     | Found Waffuepa's Distillery.
 21987 | D:11     | Bought a potion of heal wounds for 75 gold pieces
 21987 | D:11     | Bought a potion of agility for 60 gold pieces
 21987 | D:11     | Bought a potion of might for 60 gold pieces
 21997 | D:11     | Found Xam Caomu's Antique Weapon Shoppe.
 22313 | Orc      | Entered the Orcish Mines
 22316 | Orc      | Found a staircase to the Elven Halls.
 22347 | D:11     | Reached skill level 10 in Poison Magic
 22391 | Orc      | Reached skill level 5 in Necromancy
 22418 | Orc      | Found Feol's Weapon Shoppe.
 22418 | Orc      | Found Nouxzen's Antique Armour Shop.
 22421 | Orc      | Found Hige Ker's Magic Scroll Boutique.
 22421 | Orc      | Found Ebleric's Magic Scroll Shoppe.
 22451 | Orc      | Found Gogeejubbe's Antique Weapon Boutique.
 22454 | Orc      | Reached skill level 10 in Spellcasting
 22587 | Orc      | Bought a scroll of acquirement for 572 gold pieces
 22587 | Orc      | Bought a scroll of teleportation for 33 gold pieces
 22587 | Orc      | Bought a scroll of fog for 22 gold pieces
 22668 | Orc      | Gained mutation: When low on magic, you restore magic in
                  | place of health. [demonic ancestry]
 22668 | Orc      | Reached XP level 15. HP: 119/119 MP: 22/29
 23028 | Orc      | Bought a scroll of magic mapping for 38 gold pieces
 23028 | Orc      | Bought a scroll of magic mapping for 38 gold pieces
 23028 | Orc      | Bought a scroll of teleportation for 33 gold pieces
 23028 | Orc      | Bought a scroll of teleportation for 33 gold pieces
 23043 | Orc      | Identified the +7 chain mail "Netua" {*Drain +Inv rElec
                  | SInv} (You found it in a bailey)
 23048 | Orc      | Bought the +1 cloak of Starlight {rElec rC+ EV+4 Stlth--}
                  | for 845 gold pieces
 23048 | Orc      | Found the +1 cloak of Starlight {rElec rC+ EV+4 Stlth--}
 23048 | Orc      | Bought a shiny buckler for 142 gold pieces
 23135 | D:12     | Entered Level 12 of the Dungeon
 23193 | D:12     | Found Seqeohul's Book Boutique.
 23300 | D:12     | Found Ynut's Book Boutique.
 23314 | D:12     | Found Roidiel's Armour Shop.
 23497 | D:12     | Mangled by a phantasmal warrior

Skill      XL: |  1  2  3  4  5  6  7  8  9 10 11 12 13 14 |
---------------+-------------------------------------------+-----
Fighting       | 2 3 4 5 6 7 9 10 11 | 11.5
Transmutations | 2 3 5 6 7 8 9 10 | 10.0
Unarmed Combat | 3 4 5 6 8 9 10 11 | 11.1
Poison Magic   | 1 2 3 4 6 9 10 | 10.1
Spellcasting   | 3 5 7 8 10 | 10.2
Ice Magic      | 1 3 |  3.8
Dodging        | 2 4 5 |  5.2
Invocations    | 3 5 7 9 10 | 10.0
Evocations     | 2 4 6 7 |  7.1
Necromancy     | 5 |  5.0
Charms         | 4 |  4.0
Translocations | 3 |  3.0
Fire Magic     | |  0.7

Action                   |  1- 3 |  4- 6 |  7- 9 | 10-12 | 13-15 || total
-------------------------+-------+-------+-------+-------+-------++-------
Melee: Unarmed           |   128 |    80 |   401 |   426 |   331 ||  1366
       Headbutt          |     3 |       |       |       |       ||     3
       Kick              |    18 |    15 |     5 |       |       ||    38
       Punch             |     1 |     2 |     1 |       |       ||     4
       Dagger            |       |       |    50 |     4 |       ||    54
       Staff             |       |       |       |     3 |       ||     3
 Fire: Hunting sling     |       |     6 |       |       |       ||     6
Throw: Stone             |       |     2 |     3 |       |       ||     5
 Cast: Beastly Appendage |    18 |    11 |     5 |       |       ||    34
       Spider Form       |     2 |     2 |    12 |     2 |       ||    18
       Sticks to Snakes  |       |     3 |       |       |     1 ||     4
       Ice Form          |       |       |     4 |     6 |     7 ||    17
       Regeneration      |       |       |       |     7 |    18 ||    25
       Olgreb's Toxic Ra |       |       |       |     5 |    47 ||    52
       Ignite Poison     |       |       |       |     2 |    43 ||    45
       Blade Hands       |       |       |       |     1 |       ||     1
       Blink             |       |       |       |       |     1 ||     1
Invok: Bend Time         |       |       |     1 |       |       ||     1
       Temporal Distorti |       |       |       |     1 |       ||     1
       Slouch            |       |       |       |       |     2 ||     2
 Abil: End Transformatio |       |       |     5 |     2 |     6 ||    13
Evoke: Wand              |       |       |     1 |     2 |     4 ||     7
  Use: Potion            |       |     1 |     6 |     5 |       ||    12
       Scroll            |       |     1 |     9 |     9 |    13 ||    32
 Stab: Distracted        |       |     1 |       |       |     2 ||     3
       Sleeping          |       |       |     2 |    10 |    16 ||    28
  Eat: Chunk             |     4 |     5 |    11 |    14 |    19 ||    53
       Ration            |     1 |       |     2 |     1 |       ||     4
Armor: Robe              |    30 |     8 |    10 |       |       ||    48
       Skin              |       |    23 |    30 |   125 |   139 ||   317
       Steam dragon scal |       |       |     3 |     2 |       ||     5
Dodge: Dodged            |    96 |    40 |   445 |   343 |   326 ||  1250
Block: Buckler           |       |       |     4 |       |       ||     4
